 Dungeon Crawl Stone Soup version 0.30-a0-368-g86fb4627a9 (webtiles) character file.

Game seed: 9238197188197236395

41 ryw the Trooper (level 3, 0/29 HPs)
             Began as a Demonspawn Monk on Nov 19, 2022.
             Killed from afar by an orc wizard (10 damage)
             ... with a magic dart
             ... on level 2 of the Dungeon.
             The game lasted 00:02:33 (1127 turns).

ryw the Trooper (Demonspawn Monk)                   Turns: 1127, Time: 00:02:34

Health: 0/29       AC:  2    Str: 13    XL:     3   Next: 32%
Magic:  3/3        EV: 13    Int: 11    God:
Gold:   87         SH:  0    Dex: 15    Spells: 2/2 levels left

rFire   . . .      SeeInvis .    g - +0 war axe
rCold   . . .      Faith    .    (no shield)
rNeg    . . .      Spirit   .    a - +0 robe
rPois   .          Reflect  .    (no helmet)
rElec   .          Harm     .    (no cloak)
rCorr   .          Rampage  .    (no gloves)
Will    .....                    (no boots)
Stlth   ++........               (no amulet)
HPRegen 0.24/turn                (no ring)
MPRegen 0.08/turn                (no ring)

@: no status effects
A: powered by death 1
a: no special abilities


You were on level 2 of the Dungeon.
You visited 1 branch of the dungeon, and saw 2 of its levels.

You collected 87 gold pieces.

Inventory:

Hand Weapons
 g - a +0 war axe (weapon)
Armour
 a - a +0 robe (worn)
Magical Staves
 d - a staff of conjuration
Scrolls
 h - 2 scrolls of identify {unknown}
 i - 2 scrolls of summoning {unknown}
Potions
 c - a potion of curing
 e - 2 potions of mutation {unknown}
 f - a potion of might {unknown}
 j - a potion of attraction {unknown}
 k - a potion of brilliance {unknown}


   Skills:
 + Level 3.5 Fighting
 + Level 3.2 Dodging
 - Level 1.7 Stealth
 - Level 3.0 Unarmed Combat
 + Level 0.4 Spellcasting


You had 2 spell levels left.
You didn't know any spells.
Your spell library contained the following spells:

 Spells                   Type           Power      Damage    Failure   Level
 Beastly Appendage        Tmut           0%         N/A       34%         1
 Freeze                   Ice            0%         1d3       34%         1
 Blink                    Tloc           0%         N/A       45%         2
 Momentum Strike          Conj/Tloc      0%         3d8       45%         2
 Sublimation of Blood     Necr           0%         N/A       45%         2
 Wereblood                Tmut           0%         N/A       45%         2
 Frozen Ramparts          Ice            0%         1d1       71%         3
 Hailstorm                Conj/Ice       0%         3d3       71%         3
 Lesser Beckoning         Tloc           0%         N/A       71%         3
 Spider Form              Tmut/Pois      0%         N/A       71%         3
 Petrify                  Tmut/Erth      0%         N/A       98%         4
 Irradiate                Conj/Tmut      0%         3d11      100%        5


Dungeon Overview and Level Annotations

Branches:
Dungeon (2/15)

Altars:

Shops:
D:2 [


Innate Abilities, Weirdness & Mutations

You regenerate a little health from kills.


Message History

The ball python hisses angrily.
Something hits you.
You hit something but do no damage. Something hits you.
The ball python bites you. The ball python misses you.
Something barely misses you.
You miss something. You barely miss the ball python.
The ball python barely misses you. x2; Something hits you.
The ball python barely misses you. The ball python closely misses you.
You closely miss something. You hit the ball python.
You kill the ball python!
Something hits you. x2
You hit something. Something hits you.
You closely miss something. Something hits you.
Something hits you but does no damage.
You miss something. Something hits you.
You hit something. Something hits you.
You hear some strange, mumbled words.
You are confused.
You closely miss something. Something hits you.
You bump into the rock wall.
Something hits you.
* * * LOW HITPOINT WARNING * * *
You miss something. Something hits you.
* * * LOW HITPOINT WARNING * * *
Something hits you but does no damage.
You miss something. Something hits you.
* * * LOW HITPOINT WARNING * * *
It was a potion of curing.
You feel better. Something hits you.
You miss something. Something hits you. x2
You miss something. Something hits you.
* * * LOW HITPOINT WARNING * * *
You miss something. Something hits you.
* * * LOW HITPOINT WARNING * * *
Something hits you.
* * * LOW HITPOINT WARNING * * *
You feel better. Something hits you but does no damage.
You miss something.
An orc wizard appears from thin air!
Reactivating autopickup.
The orc wizard gestures at you while chanting.
The magic dart hits you!
You die...

# # ########## #........#
#..####..# ..
######..####..####### ....
#..........#...##.8.#.....
#.####..##.#...†@o).'....[
#.# #..##.#..###.8.#.....
#.####..........##### ...
#....#####..........# .
####.# ####.###...### #.#
######.##......# #.#
#.......#......# # #.#
#.......#.#.#### #
#.###......†....#


You could see an orc wizard.

Vanquished Creatures
  An adder (D:2)
  A dart slug (D:1)
  2 orcs (D:2)
  2 ball pythons
  A giant cockroach (D:1)
  2 goblins
  3 hobgoblins
  3 jackals (D:1)
  3 kobolds (D:1)
  3 quokkas
  A bat (D:1)
  3 frilled lizards
25 creatures vanquished.

Notes
Turn   | Place    | Note
-------+----------+-------------------------------------------
     0 | D:1      | ryw the Demonspawn Monk began the quest for the Orb.
     0 | D:1      | Reached XP level 1. HP: 18/18 MP: 1/1
   217 | D:1      | Gained mutation: You regenerate a little health from kills.
                  | [demonic ancestry]
   217 | D:1      | Reached XP level 2. HP: 24/24 MP: 2/2
   780 | D:2      | Found Pubrergh's Antique Armour Boutique.
  1020 | D:2      | Reached XP level 3. HP: 29/29 MP: 3/3
  1094 | D:2      | Found the +1 Delatra's gloves {ID++}
  1127 | D:2      | Killed from afar by an orc wizard

Illustrated notes

Levels and vault maps discovered:
D:1:      matt_arrival_los_fun, layout_basic
D:2:      layout_loops_cross, serial_shops, nicolae_shop_stone,
          pf_guarded_unrand_delatra

Skill      XL: |  1  2 |
---------------+-------+-----
Unarmed Combat | 3 |  3.0
Dodging        | 3 |  3.2
Fighting       | |  3.5
Stealth        | |  1.7
Spellcasting   | |  0.4

Action                   || total
-------------------------++-------
Melee: Unarmed           ||    57
       War axe           ||    45
       Punch             ||     1
  Use: Potion            ||     3
 Stab: Sleeping          ||     4
       Distracted        ||     1
Armor: Robe              ||    20
Dodge: Dodged            ||    49

Table legend: (Time is in decaauts)
 A = Elapsed time spent in this place.
 B = Non-inter-level travel time spent in this place.
 C = Inter-level travel time spent in this place.
 D = Time resting spent in this place.
 E = Time spent auto-exploring this place.
 F = Levels seen in this place.
 G = Mean time per level.
                   A        B        C        D        E       F      G
               +--------+--------+--------+--------+--------+-----+--------+
         Total |   1145 |   1080 |     65 |      0 |    835 |   2 |  572.5 |
       Dungeon |   1145 |   1080 |     65 |      0 |    835 |   2 |  572.5 |
               +--------+--------+--------+--------+--------+-----+--------+

Top non-repeatable levels by time:
     D:1: 757 daAuts
     D:2: 387 daAuts
